 Dungeon Crawl Stone Soup version 0.28-a0-1518-gbe868bca14 (webtiles) character file.

Game seed: 13229096840135058344

6262 anonymouscript the Carver (level 10, -9/92 HPs)
             Began as a Hill Orc Berserker on Jan 16, 2022.
             Was a Priest of Trog.
             Mangled by a komodo dragon (24 damage)
             ... on level 2 of the Lair of Beasts.
             The game lasted 00:48:22 (12465 turns).

anonymouscript the Carver (Hill Orc Berserker)     Turns: 12465, Time: 00:48:22

Health: -9/92      AC: 18    Str: 24 (25) XL:     10   Next: 93%
Magic:  10/10      EV:  9    Int:  4 (7)  God:    Trog [***...]
Gold:   101        SH:  0    Dex:  9 (10) Spells: 9/9 levels left

rFire   + . .      SeeInvis +   a - +2 falchion
rCold   . . .      Faith    .   (no shield)
rNeg    + . .      Spirit   .   F - +2 chain mail {rF+}
rPois   .          Reflect  .   (no helmet)
rElec   .          Harm     .   r - +0 cloak
rCorr   .          Rampage  .   (no gloves)
Will    .....                   N - +2 pair of boots
Stlth   ..........              (no amulet)
HPRegen 0.25/turn               A - ring of flight
MPRegen 0.12/turn               O - ring "Enaciq Syhat" {rN+ SInv Stlth+}

@: on berserk cooldown, flying, slowed, very slow
A: no striking features
a: Renounce Religion, Berserk, Trog's Hand


You were on level 2 of the Lair of Beasts.
You worshipped Trog.
Trog was most pleased with you.
You visited 2 branches of the dungeon, and saw 11 of its levels.

You collected 516 gold pieces.
You spent 415 gold pieces at shops.

Inventory:

Hand Weapons
 a - a +2 falchion (weapon)
 n - a +0 long sword
 p - a +3 dire flail of protection
Missiles
 d - 171 stones
 e - 11 poisoned darts
 i - 62 sling bullets
 l - 5 javelins
 u - 10 boomerangs
 D - 92 bolts
 H - 2 datura-tipped darts
Armour
 b - a +0 animal skin
 r - a +0 cloak (worn)
 x - a +0 plate armour
 F - a +2 chain mail of fire resistance (worn)
 N - a +2 pair of boots (worn)
Jewellery
 A - a ring of flight (left hand)
 O - the ring "Enaciq Syhat" (right hand) {rN+ SInv Stlth+}
   (You bought it in a shop on level 9 of the Dungeon)

   [ring of positive energy]

   rN:        It protects you from negative energy.
   SInv:      It lets you see invisible.
   Stlth:     It makes you more stealthy.
 P - an amulet of magic regeneration
Wands
 k - a wand of digging (2)
 v - a wand of acid (11)
 G - a wand of iceblast (5) (quivered)
Scrolls
 f - a scroll of amnesia {unknown}
 h - a scroll of torment {unknown}
 j - a scroll of fear {unknown}
 o - 2 scrolls of teleportation
 q - a scroll of fog {unknown}
 w - a scroll of magic mapping {unknown}
 y - 3 scrolls of immolation
 z - 2 scrolls of noise {unknown}
 B - a scroll of enchant armour {unknown}
 I - 6 scrolls of identify
 J - a scroll of silence {unknown}
Potions
 c - 2 potions of ambrosia {unknown}
 g - 3 potions of mutation
 m - 2 potions of lignification {unknown}
 s - a potion of attraction
 t - 4 potions of curing
 E - a potion of flight
 K - a potion of haste {unknown}
 M - a potion of magic


   Skills:
 + Level 9.7 Fighting
 + Level 11.5 Long Blades
 + Level 0.1 Throwing
 + Level 9.8 Armour
 + Level 3.9 Dodging
 + Level 2.3 Stealth
 + Level 0.4 Evocations


You had 9 spell levels left.
You didn't know any spells.
Your spell library was empty.

Dungeon Overview and Level Annotations

Branches:
Dungeon (9/15)             Temple (0/1) D:5            Lair (2/6) D:8
  Swamp: Lair:2-4    Shoals: Lair:2-4     Snake: Lair:2-4    Spider: Lair:2-4
    Orc: D:9-12

Altars:
Fedhas
Gozag
Nemelex Xobeh
Trog
Uskayaw
Wu Jian
Xom
Yredelemnul
The Shining One

Shops:
D:4 ?   D:9 =::[

Annotations:
D:9 2 transporters, riojii's ghost, novice FoEE


Message History

The komodo dragon closely misses you.
You slash the water moccasin!
The water moccasin is heavily wounded.
You feel sick. The water moccasin bites you.
You slice the water moccasin!!
You kill the water moccasin!
Trog accepts your kill.
You feel sick.
The komodo dragon bites you but does no damage.
You completely miss the komodo dragon. You slash the komodo dragon!
The komodo dragon is lightly wounded.
The komodo dragon bites you!!
* * * LOW HITPOINT WARNING * * *
You closely miss the komodo dragon.
The komodo dragon is lightly wounded.
You feel sick.
You hit the komodo dragon.
The komodo dragon is moderately wounded.
You feel sick. The komodo dragon closely misses you.
You hit the komodo dragon.
The komodo dragon is moderately wounded.
You closely miss the komodo dragon.
The komodo dragon is moderately wounded.
You feel sick. The komodo dragon barely misses you.
You barely miss the komodo dragon.
The komodo dragon is moderately wounded.
You are no longer berserk.
You are exhausted.
You feel yourself slow down.
You slash the komodo dragon!
The komodo dragon is heavily wounded.
You feel sick.
You are no longer poisoned.
The komodo dragon barely misses you.
It was a potion of degeneration.
There was something very wrong with that liquid.
You feel weakened.
You feel dopey.
You feel clumsy. The komodo dragon bites you!!
You die...

..............##
...............## ..##
..........†.....## ...#
.................##..P#
.....................#
..................... #
...................# .###
>..................+.#..#
................@........
...............††l.......
..................(......
.>..............†..#...?.
.........P......# ....
........P.P......# ...
................... ..
..........)....###.# .
...............# .#


You could see a komodo dragon.

Vanquished Creatures
  A two-headed ogre (D:9)
  Psyche (D:9)
  A komodo dragon (D:8)
  A hornet (D:7)
  Grinder (D:5)
  Sigmund (D:2)
  A shadow (D:5)
  A wraith (D:7)
  2 wyverns (D:8)
  5 yaks
  A basilisk (D:8)
  A vampire mosquito (D:7)
  Edmund (D:5)
  6 water moccasins
  A swamp drake (D:8)
  A hornet zombie (D:8)
  An orc warrior (D:8)
  3 ice beasts
  A black bear (D:8)
  2 ogres
  A necrophage (D:6)
  3 centaurs
  A kobold brigand (D:7)
  3 bullfrogs (Lair:2)
  A gnoll sergeant (D:8)
  3 killer bees (D:9)
  2 bullfrog zombies (D:6)
  2 centaur zombies
  2 jellies (D:6)
  2 orc priests
  2 centaur skeletons (D:6)
  A gnoll shaman (D:9)
  2 hounds
  An iguana (D:6)
  Terence (D:2)
  4 orc wizards
  A hound zombie (D:5)
  2 howler monkey skeletons
  7 adders
  9 gnolls
  A white imp (D:6)
  An adder skeleton (D:3)
  6 worms
  A dart slug (D:4)
  19 orcs
  5 ball pythons
  7 bats
  6 endoplasms
  A giant cockroach (D:4)
  5 goblins
  4 hobgoblins
  9 kobolds
  5 quokkas
  2 frilled lizards (D:2)
  3 rats
158 creatures vanquished.

Vanquished Creatures (others)
  A basilisk (D:8)
  An orc (D:6)
  A bush (D:8)
3 creatures vanquished.

Grand Total: 161 creatures vanquished

Notes
Turn   | Place    | Note
-------+----------+-------------------------------------------
     0 | D:1      | anonymouscript the Hill Orc Berserker began the quest for
                  | the Orb.
     0 | D:1      | Reached XP level 1. HP: 19/19 MP: 1/1
   111 | D:1      | Found a faded altar of an unknown god.
   187 | D:1      | Reached XP level 2. HP: 27/27 MP: 2/2
   500 | D:2      | Reached skill level 4 in Long Blades
   525 | D:2      | Reached XP level 3. HP: 12/33 MP: 3/3
   800 | D:2      | Noticed Terence
   808 | D:2      | Killed Terence
   809 | D:2      | Reached XP level 4. HP: 30/40 MP: 4/4
  1139 | D:2      | Noticed Sigmund
  1145 | D:2      | Killed Sigmund
  1146 | D:2      | Reached skill level 5 in Long Blades
  1146 | D:2      | Reached XP level 5. HP: 47/47 MP: 5/5
  1146 | D:2      | Reached XP level 6. HP: 53/53 MP: 6/6
  1325 | D:2      | Reached ** piety under Trog
  1668 | D:2      | Found a basalt altar of Yredelemnul.
  2611 | D:4      | Found Joc Vatt's Magic Scroll Emporium.
  2617 | D:4      | Bought a scroll of enchant weapon for 75 gold pieces
  2722 | D:4      | Reached skill level 5 in Fighting
  2871 | D:4      | Reached skill level 6 in Long Blades
  3282 | D:4      | Found a shimmering altar of Xom.
  3305 | D:4      | You fall into a shaft and drop 3 floors!
  3454 | D:6      | Noticed a yak
  3489 | D:6      | Killed a yak
  3490 | D:6      | Reached XP level 7. HP: 61/61 MP: 7/7
  3583 | D:6      | Reached skill level 7 in Long Blades
  3622 | D:6      | Reached skill level 1 in Stealth
  3630 | D:6      | Noticed a yak
  3638 | D:6      | Noticed a yak
  3645 | D:6      | Killed a yak
  3655 | D:6      | Killed a yak
  3861 | D:6      | Reached skill level 8 in Long Blades
  3861 | D:6      | Reached XP level 8. HP: 20/70 MP: 8/8
  4343 | D:6      | Reached *** piety under Trog
  4354 | D:5      | Entered Level 5 of the Dungeon
  4851 | D:5      | Found a staircase to the Ecumenical Temple.
  4971 | D:5      | Noticed Edmund
  5201 | D:5      | Killed Edmund
  5481 | D:5      | Found a bloodstained altar of Trog.
  5616 | D:5      | Found a blossoming altar of Fedhas.
  5637 | D:5      | Noticed Grinder
  5644 | D:5      | Paralysed by Grinder for 6 turns
  5790 | D:5      | Paralysed by Grinder for 4 turns
  5797 | D:5      | Killed Grinder
  5798 | D:5      | Reached skill level 9 in Long Blades
  5940 | D:5      | Found an ornate altar of the Wu Jian Council.
  6043 | D:5      | Noticed a shadow
  6081 | D:5      | HP: 2/73 [ogre (27)]
  6087 | D:5      | Reached XP level 9. HP: 36/79 MP: 9/9
  6091 | D:5      | Reached skill level 5 in Armour
  7756 | D:7      | Noticed a hornet
  7762 | D:7      | Paralysed by a hornet for 3 turns
  7772 | D:7      | Killed a hornet
  7773 | D:7      | Reached skill level 10 in Long Blades
  8120 | D:7      | Found a basalt altar of Yredelemnul.
  9383 | D:7      | Reached XP level 10. HP: 29/88 MP: 10/10
  9558 | D:7      | Found a glowing golden altar of the Shining One.
 10652 | D:8      | Found a sparkling altar of Nemelex Xobeh.
 10679 | D:8      | Found a hide-covered altar of Uskayaw.
 10766 | D:8      | Reached skill level 11 in Long Blades
 10885 | D:8      | Found a staircase to the Lair.
 11386 | D:8      | Found an opulent altar of Gozag.
 11502 | D:9      | Noticed Psyche
 11511 | D:9      | Killed Psyche
 11551 | D:9      | Noticed a two-headed ogre
 11565 | D:9      | Killed a two-headed ogre
 11577 | D:9      | Found Osoo's Antique Armour Shop.
 11707 | D:9      | Found a transporter.
 11714 | D:9      | Noticed riojii's ghost (novice FoEE)
 11714 | D:9      | Noticed a wolf spider
 11714 | D:9      | Noticed a moth of wrath
 11765 | D:9      | Found Plog's Book Boutique.
 11793 | D:9      | Found Wuukkouwka's Book Shop.
 12042 | D:9      | Found a transporter.
 12173 | D:9      | Found Dav Nodou's Jewellery Emporium.
 12179 | D:9      | Bought the ring "Enaciq Syhat" {rN+ SInv Stlth+} for 340
                  | gold pieces
 12190 | D:9      | Noticed a white ugly thing
 12271 | Lair:1   | Entered Level 1 of the Lair of Beasts
 12353 | Lair:1   | Noticed an eight-headed hydra
 12383 | Lair:1   | Noticed a cane toad
 12465 | Lair:2   | Mangled by a komodo dragon

Illustrated notes

Levels and vault maps discovered:
D:1:      shiori_shiawase, layout_rooms, shapermc_ecumenical_altar_totnotflames
D:2:      layout_loops_ring, serial_shops, nicolae_lakefront_shop, basic_altar,
          minivault_23, kennysheep_generic_room_14, uniq_terence, uniq_sigmund
D:3:      layout_basic, wad_orctagon
D:4:      layout_basic, lemuel_doored_altar, serial_shops,
          nicolae_shop_waterfront
D:5:      layout_loops_cross, kennysheep_mini_moat, mainiacjoe_overflow_catwalk,
          pdpol_wu_jian_five_deadly_venoms, minmay_temple_entry_sparse_star,
          kennysheep_path_1, abandoned_shop, grunt_decor_resistance,
          chequers_serial_rivers_small_3, uniq_grinder, uniq_edmund
D:6:      minmay_diamond_boxcup, layout_loops_corners, chequers_arboretum,
          grunt_ministairs_4, lemuel_flamethrower_2
D:7:      layout_rooms, yredelemnul_altar_generic, tso_oasis_becter,
          minmay_small_thing
D:8:      layout_gridville, marbit_many_paths,
          mainiacjoe_overflow_catch_the_wave, erik_lair_dragon
D:9:      layout_basic, gammafunk_ghost_berserking_beasts, serial_shops,
          nicolae_shop_behind_doors, shop, shop, nicolae_shop_stone, uniq_psyche
Lair:1:   layout_hall_layers, portal_ice_cave_demonic_guard,
          serial_bayou_shore_b, grunt_megastairs_1, uniq_gastronok
Lair:2:   layout_chaotic_city, grunt_megastairs_2, serial_bayou_shore_b,
          lemuel_fruit_tree

Skill      XL: |  1  2  3  4  5  6  7  8  9 10 |
---------------+-------------------------------+-----
Long Blades    | 4 5 6 8 9 10 11 | 11.5
Fighting       | 4 5 7 8 9 |  9.7
Dodging        | 2 3 |  3.9
Stealth        | 1 2 |  2.3
Armour         | 4 7 9 |  9.8
Throwing       | |  0.1
Evocations     | |  0.4

Action                   |  1- 3 |  4- 6 |  7- 9 | 10-12 || total
-------------------------+-------+-------+-------+-------++-------
Melee: Falchion          |    70 |   169 |   399 |   250 ||   888
       Punch             |       |     4 |     3 |     4 ||    11
Throw: Dart              |       |       |     1 |       ||     1
Invok: Berserk           |     1 |     2 |    10 |     3 ||    16
       Trog's Hand       |       |       |     1 |     1 ||     2
Evoke: Wand              |       |       |     3 |     1 ||     4
  Use: Scroll            |       |     2 |     6 |     2 ||    10
       Potion            |       |       |     5 |     6 ||    11
 Stab: Sleeping          |       |     2 |       |       ||     2
       Invisible         |       |       |       |     1 ||     1
Armor: Animal skin       |    31 |    17 |       |       ||    48
       Plate armour      |       |     5 |    87 |       ||    92
       Chain mail        |       |       |    99 |   138 ||   237
Dodge: Dodged            |    74 |    68 |   161 |   118 ||   421

Table legend: (Time is in decaauts)
 A = Elapsed time spent in this place.
 B = Non-inter-level travel time spent in this place.
 C = Inter-level travel time spent in this place.
 D = Time resting spent in this place.
 E = Time spent auto-exploring this place.
 F = Levels seen in this place.
 G = Mean time per level.
                   A        B        C        D        E       F      G
               +--------+--------+--------+--------+--------+-----+--------+
         Total |  12536 |  12390 |    146 |   3823 |   5541 |  11 | 1139.6 |
       Dungeon |  12358 |  12212 |    146 |   3823 |   5541 |   9 | 1373.1 |
          Lair |    177 |    177 |      0 |      0 |      0 |   2 |   88.5 |
               +--------+--------+--------+--------+--------+-----+--------+

Top non-repeatable levels by time:
     D:6: 2498 daAuts
     D:8: 2218 daAuts
     D:5: 2028 daAuts
     D:2: 1391 daAuts
     D:7: 1373 daAuts
     D:4: 897 daAuts
     D:3: 771 daAuts
     D:9: 698 daAuts
     D:1: 480 daAuts
  Lair:1: 118 daAuts
  Lair:2: 59 daAuts
